 Dungeon Crawl Stone Soup version 0.17-a0-1475-g9f81d98 (webtiles) character file.

16 ztt the Caller (level 2, -3/19 HPs)
             Began as a Mummy Summoner on July 2, 2015.
             Slain by an adder (4 damage)
             ... on level 1 of the Dungeon.
             The game lasted 00:03:36 (1261 turns).

ztt the Caller (Mummy Summoner)                     Turns: 1261, Time: 00:03:36

Health: -3/19      AC:  2    Str: 11    XL:     2   Next: 37%
Magic:  0/5        EV: 12    Int: 14    God:
Gold:   48         SH:  0    Dex: 12    Spells: 2 memorised, 2 levels left

rFire  x . .     SeeInvis .     d - +0 dagger
rCold  + . .     Clarity  .     a - +0 robe
rNeg   + + +     SustAt   .     (no shield)
rPois  ∞         Gourm    .     (no helmet)
rElec  .         Spirit   .     (no cloak)
rCorr  .         Warding  .     (no gloves)
rMut   .         Stasis   .     (no boots)
MR     .....                    (no amulet)
Stlth  ++........               (no ring)
                                (no ring)

@: very slightly contaminated, not resistant to hostile enchantments, unstealthy
A: no food or potions, fire vulnerability, cold resistance 1, negative energy
resistance 3, torment resistance, unbreathing
a: no special abilities


You were on level 1 of the Dungeon.
You were not hungry.

You visited 1 branch of the dungeon, and saw 1 of its levels.

You collected 48 gold pieces.

Inventory:

Hand weapons
 d - a +0 dagger (weapon)
Missiles
 e - 5 curare-tipped needles
Armour
 a - a +0 robe (worn)
Scrolls
 c - a scroll of recharging {unknown}
 f - a scroll of identify {unknown}
 g - a scroll of amnesia {unknown}
 h - a scroll of teleportation {unknown}
 i - a scroll of magic mapping {unknown}
Books
 b - a book of Callings

   Spells                             Type                      Level
   a - Summon Small Mammal            Summoning                    1
   b - Call Imp                       Summoning                    2
   c - Call Canine Familiar           Summoning                    3
   d - Summon Guardian Golem          Hexes/Summoning              3
   e - Summon Lightning Spire         Summoning/Air                4
   f - Summon Ice Beast               Ice/Summoning                4


   Skills:
 + Level 0.2 Fighting
 + Level 1.7 Dodging
 + Level 1.8 Stealth
 + Level 2.3 Spellcasting
 + Level 3.4 Summonings


You had 2 spell levels left.
You knew the following spells:

 Your Spells              Type           Power        Failure   Level  Hunger
a - Summon Small Mammal   Summ           ##..         10%         1    N/A
b - Call Imp              Summ           ##......     12%         2    N/A

Dungeon Overview and Level Annotations

Branches:
Dungeon (1/15)

Altars:


Innate Abilities, Weirdness & Mutations

You do not eat or drink.
Your flesh is vulnerable to fire.
You are immune to poison.
Your flesh is cold resistant.
You are immune to negative energy.
You are immune to unholy pain and torment.
You can survive without breathing.


Message History

You can't drink.
Your crimson imp blinks!
The adder closely misses you. The adder closely misses you.
Your crimson imp closely misses the adder.
The adder barely misses you.
Your crimson imp disappears in a puff of smoke!
The adder barely misses you.
Casting: Call Imp
Confirm with . or Enter, or press ? or * to list all spells.
You don't have enough magic to cast that spell.
The adder barely misses you. The adder bites you.
* * * LOW HITPOINT WARNING * * *
Casting: Call Imp
Confirm with . or Enter, or press ? or * to list all spells.
You miscast Call Imp.
You hear strange voices.
The adder bites you.
You die...

......§§§§...........≈.#
#####..≈≈≈.≈≈≈§§≈§.≈§≈.#
#....§§≈..§.§§§≈.§.#
##.≈≈§.≈§§§≈§≈§≈§≈.#
#.≈.§§§.≈.§..§.§≈.#
#§≈§§≈§.§.≈.§§≈.§.#
#.≈§§§§.≈.≈.≈.§.§§#########
#.§§§§≈≈≈.≈≈≈.§≈§..#......#
#.........S@..§§..........#
#################.##§.###......#
......#
#.........##...##......##
......#
#.#####....#.#.##........
......#
#...#....#.#.#.##........
......#
###.#.........).######...
......#
#5†.#.########..#########
......###†###....#..........#
#.r #.#.......#
####.#.########.###.#


You could see an adder.

Vanquished Creatures
  A bat (D:1)
1 creature vanquished.

Vanquished Creatures (collateral kills)
  4 giant geckos (D:1)
  A ball python (D:1)
  A bat (D:1)
  5 goblins (D:1)
  2 kobolds (D:1)
  4 rats (D:1)
17 creatures vanquished.

Grand Total: 18 creatures vanquished

Notes
Turn   | Place    | Note
--------------------------------------------------------------
     0 | D:1      | ztt the Mummy Summoner began the quest for the Orb.
     0 | D:1      | Reached XP level 1. HP: 13/13 MP: 3/3
   714 | D:1      | Reached XP level 2. HP: 11/19 MP: 1/5
   914 | D:1      | Learned a level 2 spell: Call Imp
  1261 | D:1      | Slain by an adder

Vault maps used:
D:1:      evilmike_arrival_hilbert_curve

Action                   || total
-------------------------++-------
Melee: Dagger            ||    16
       Unarmed           ||     7
 Cast: Summon Small Mamm ||    16
       Call Imp          ||     6
